 Dungeon Crawl Stone Soup version 0.25-a0-429-g4e4398398a (webtiles) character file.

Game seed: 16275354508127372487, levelgen mode: deterministic

73504 tilp the Warrior (level 15, -12/103 HPs)
             Began as a Tengu Air Elementalist on Jan 24, 2020.
             Was a High Priest of Sif Muna.
             Mangled by a skeletal warrior
             ... wielding a +0 trident
             ... led by a skeletal warrior
              (16 damage)
             ... on level 14 of the Dungeon on Jan 25, 2020.
             The game lasted 01:30:18 (36589 turns).

tilp the Warrior (Tengu Air Elementalist)          Turns: 36589, Time: 01:30:18

Health: -12/103    AC: 13    Str: 11    XL:     15   Next: 43%
Magic:  12/28      EV: 23    Int: 26    God:    Sif Muna [*****.]
Gold:   416        SH:  5    Dex: 15    Spells: 1/30 levels left

rFire    + . .     SeeInvis .   a - staff of air
rCold    + . .     Gourm    .   W - +0 buckler
rNeg     . . .     Faith    +   n - +3 leather armour
rPois    +         Spirit   .   (helmet restricted)
rElec    +         Reflect  .   d - +2 cloak
rCorr    .         Harm     .   K - +2 pair of gloves "Cenic" {rF+ rC+ Int+4}
MR       +....                  (boots unavailable)
Stlth    ++........             x - amulet of faith
HPRegen  0.27/turn              g - +3 ring of strength
MPRegen  0.21/turn              r - ring of poison resistance

@: flying quickly and evasively, quick
A: beak, talons 3, able to fly
a: Stop Flying, Channel Magic, Forget Spell, Divine Exegesis, Renounce Religion


You were on level 14 of the Dungeon.
You worshipped Sif Muna.
Sif Muna was extremely pleased with you.
You were hungry.

You visited 4 branches of the dungeon, and saw 23 of its levels.
You also visited: Volcano.

You collected 2440 gold pieces.
You spent 2024 gold pieces at shops.

Inventory:

Hand Weapons
 b - a +2 demon trident of flaming
Missiles
 p - 49 boomerangs (quivered)
 q - 72 poisoned darts
 y - 4 throwing nets
 X - 8 curare-tipped darts
Armour
 d - a +2 cloak (worn)
 n - a +3 leather armour (worn)
 K - the +2 pair of gloves "Cenic" (worn) {rF+ rC+ Int+4}
   (You bought it in a shop on level 8 of the Dungeon)

   It affects your intelligence (+4).
   It protects you from fire.
   It protects you from cold.
   If you remove this armour, your AC will fall 4 points (13 -> 9)
 R - +0 fire dragon scales
 V - the cursed +0 robe of Untold Secrets {Str+3 Int+2 Dex+4}
   (You bought it in a shop on level 2 of the Orcish Mines)

   It affects your strength (+3).
   It affects your intelligence (+2).
   It affects your dexterity (+4).
   If you switch to wearing this armour, your AC will fall 5 points (13 -> 8) It
   has a curse placed upon it.
 W - a +0 buckler (worn)
Magical Staves
 a - an uncursed staff of air (weapon)
Jewellery
 g - a +3 ring of strength (left hand)
 r - a ring of poison resistance (right hand)
 t - an uncursed ring of resist corrosion
 x - an amulet of faith (around neck)
Wands
 o - a wand of digging (8)
 B - a wand of polymorph (25)
 F - a wand of disintegration (37)
 G - a wand of enslavement (5)
 H - a wand of flame (26)
 M - a wand of acid (8)
 Q - a wand of iceblast (13)
Scrolls
 e - 3 scrolls of identify
 f - 7 scrolls of teleportation
 k - 2 scrolls of enchant weapon
 l - 14 scrolls of remove curse
 u - 3 scrolls of amnesia
 w - 2 scrolls of random uselessness {unknown}
 z - 2 scrolls of blinking
 A - a scroll of magic mapping
 C - a scroll of immolation
 I - a scroll of summoning {unknown}
 N - 2 scrolls of fog
 T - 3 scrolls of enchant armour
Potions
 h - 2 potions of magic
 i - 3 potions of heal wounds
 j - 2 potions of mutation
 m - 5 potions of brilliance
 s - 6 potions of haste
 D - a potion of cancellation
 E - 4 potions of invisibility
 J - 10 potions of curing
 L - 2 potions of resistance
 O - 2 potions of lignification
 P - 2 potions of agility
 S - a potion of berserk rage
Miscellaneous
 v - a fan of gales
Comestibles
 c - 51 rations


   Skills:
 - Level 15.0 Fighting
 - Level 5.0 Armour
 - Level 12.0 Dodging
 - Level 4.1 Stealth
 - Level 4.0 Shields
 - Level 8.1 Spellcasting
 + Level 9.0 Conjurations
 + Level 2.1 Charms
 + Level 2.4 Ice Magic
 - Level 12.1 Air Magic
 - Level 8.2 Invocations
 - Level 6.0 Evocations


You had one spell level left.
You knew the following spells:

 Your Spells              Type           Power        Failure   Level  Hunger
a - Shock                 Conj/Air       ####         1%          1    None
b - Swiftness             Chrm/Air       ######..     1%          2    None
c - Static Discharge      Conj/Air       #######.     1%          3    None
d - Airstrike             Air            #######...   1%          4    ##.....
e - Lightning Bolt        Conj/Air       #######...   2%          5    ####...
f - Summon Butterflies    Summ           ##......     7%          1    None
g - Ozocubu's Armour      Chrm/Ice       ###.....     9%          3    None
h - Hailstorm             Conj/Ice       #####...     7%          4    ##.....
i - Freezing Cloud        Conj/Ice/Air   ######....   41%         6    ######.

Your spell library contained the following spells:

 Spells                   Type           Power        Failure   Level  Hunger
 Foxfire                  Conj/Fire      ####         1%          1    None
 Beastly Appendage        Tmut           ##....       7%          1    None
 Sandblast                Erth           ##....       7%          1    None
 Poisonous Vapours        Pois/Air       ######       1%          2    None
 Searing Ray              Conj           ######       1%          2    None
 Mephitic Cloud           Conj/Pois/Air  ######..     1%          3    None
 Conjure Flame            Conj/Fire      ####....     3%          3    None
 Dazzling Flash           Conj/Hex       ####..       3%          3    None
 Stone Arrow              Conj/Erth      ####..       3%          3    None
 Ensorcelled Hibernation  Hex/Ice        ###...       7%          2    None
 Passwall                 Tmut/Erth      ##......     11%         2    None
 Sticky Flame             Conj/Fire      ####....     11%         4    ##.....
 Spectral Weapon          Hex/Chrm       ###.....     14%         3    None
 Silence                  Hex/Air        ######....   16%         5    ####...
 Iskenderun's Battlesphe  Conj/Chrm      #####...     21%         5    ####...
 Call Canine Familiar     Summ           ##......     22%         3    None
 Confusing Touch          Hex            ##......     22%         3    None
 Gell's Gravitas          Tloc           ##........   22%         3    None
 Ignite Poison            Fire/Tmut/Pois ##......     22%         3    None
 Inner Flame              Hex/Fire       ##......     22%         3    None
 Tukima's Dance           Hex            ##......     22%         3    None
 Vampiric Draining        Necr           ##........   22%         3    None
 Fireball                 Conj/Fire      ####......   30%         5    ####...
 Irradiate                Conj/Tmut      ####......   30%         5    ####...
 Ice Form                 Ice/Tmut       ###.....     41%         4    ##.....
 Summon Ice Beast         Ice/Summ       ###.....     41%         4    ##.....
 Bolt of Magma            Conj/Fire/Erth ####......   50%         5    ####...
 Petrify                  Tmut/Erth      ##......     56%         4    ##.....
 Metabolic Englaciation   Hex/Ice        ###.......   77%         5    ####...
 Borgnjor's Vile Clutch   Necr/Erth      ##........   89%         5    ####...
 Lee's Rapid Deconstruct  Erth           ##........   89%         5    ####...
 Summon Mana Viper        Hex/Summ       ##......     89%         5    ####...
 Yara's Violent Unravell  Hex/Tmut       ##........   89%         5    ####...
 Darkness                 Hex            ##........   100%        6    ######.
 Shadow Creatures         Summ           N/A          100%        6    ######.
 Statue Form              Tmut/Erth      ##.......    100%        6    ######.
 Summon Hydra             Summ           ##........   100%        7    #######
 Death's Door             Chrm/Necr      ###.......   100%        8    #######


Dungeon Overview and Level Annotations

Branches:
Dungeon (14/15)            Temple (1/1) D:6            Lair (6/6) D:10
  Swamp (0/4) Lair:4       Spider (0/4) Lair:4        Slime (0/5) Lair:6
    Orc (2/2) D:11            Elf (0/3) Orc:2        Vaults (0/5) D:13
Volcano (visited)

Altars:
Ashenzari
Cheibriados
Dithmenos
Elyvilon
Fedhas
Gozag
Hepliaklqana
Kikubaaqudgha
Makhleb
Nemelex Xobeh
Okawaru
Qazlal
Ru
Sif Muna
Trog
Uskayaw
Vehumet
Wu Jian
Xom
Yredelemnul
Zin
The Shining One
Beogh
Jiyva

Shops:
D:7 =   D:8 %[   D:10 *   D:11 =   D:13 [   Orc:1 (   Orc:2 *([?%*

Portals:
Trove: D:10 (give 5 potions of resistance)

Annotations:
D:11 3 runed translucent doors, Gruesome's ghost, journeyman OpFi
D:12 1 runed translucent door, exclusion: orange crystal statue


Innate Abilities, Weirdness & Mutations

You have a beak for a mouth.
You have claws for feet.
You can fly continuously.


Message History

The skeletal warrior is electrocuted!
The skeletal warrior is severely damaged.
The skeletal warrior completely misses you.
You hit the skeletal warrior but do no damage.
The skeletal warrior is electrocuted!
You claw the skeletal warrior, but do no damage.
You peck the skeletal warrior, but do no damage.
The skeletal warrior is severely damaged.
The skeletal warrior hits you but does no damage.
You hit the skeletal warrior but do no damage.
The skeletal warrior is electrocuted.
Your kick misses the skeletal warrior. Your peck misses the skeletal warrior.
The skeletal warrior is almost destroyed.
The skeletal warrior hits you with a +0 trident!
* * * LOW HITPOINT WARNING * * *
You barely miss the skeletal warrior.
You peck the skeletal warrior, but do no damage.
The skeletal warrior is almost destroyed.
The skeletal warrior hits you with a +0 trident!
You die...

##.##........##'##.##..##.
#..(....#....'............
#.......#....#.........###
#.......#....#.........#..
#..######....#...#####'#..
#..##.......##...#.......'
#...'...)...#....#.......#
#...#.......+?...#.......#
#####....@z.######.......#
###'#)...........#'#.#
#...#............#.รท)#
#...#............#...#
.#####............###.#
.........#'##'######...#
.........#.....#.......)
.........#.....#.....#..
.........#.....#.....+..


You could see a skeletal warrior.

Vanquished Creatures
  Rupert (Lair:6)
  An orc warlord (Orc:1)
  Harold (D:7)
  5 hydras
  A vault guard (D:13)
  4 two-headed ogres
  A tengu warrior (D:14)
  10 orc high priests (Orc:2)
  Sonja (D:13)
  3 skeletal warriors (D:14)
  The ghost of emiel the Geomancer, a novice FoEE of Cheibriados (D:6)
  3 unseen horrors (D:14)
  Pikel (D:7)
  An ugly thing (D:11)
  An orb spider (Lair:4)
  A manticore (D:8)
  An orc sorcerer (Orc:2)
  A deep elf mage (D:12)
  An orb spider (shapeshifter) (D:12)
  A cyclops (Orc:2)
  Joseph (D:7)
  8 elephants
  2 black mambas
  A gargoyle (D:14)
  22 spiny frogs
  A centaur skeleton (D:11)
  A rime drake (Lair:5)
  4 yaktaurs (D:13)
  9 komodo dragons
  A guardian mummy (D:10)
  6 trolls
  A polar bear (Lair:4)
  5 tyrant leeches (Lair:6)
  A bog body (Lair:4)
  20 blink frogs
  7 hippogriffs
  A dream sheep (Lair:4)
  5 slime creatures
  Prince Ribbit (D:7)
  A meliai zombie (D:10)
  Sigmund (D:3)
  2 shadows
  3 wyverns
  59 yaks
  Grum (D:8)
  4 basilisks
  2 steam dragons
  A human (D:10)
  10 wargs
  6 vampire mosquitoes (Lair:6)
  Menkaure (D:4)
  9 water moccasins
  6 porcupines
  A soldier ant (D:10)
  15 orc warriors
  6 ice beasts
  3 sky beasts
  3 black bears
  A meliai simulacrum (D:12)
  10 ogres
  4 phantoms
  A hornet zombie (D:12)
  A necrophage (D:7)
  3 wolves (D:8)
  9 crocodiles
  3 centaurs
  28 bullfrogs
  A water moccasin zombie (D:7)
  A wyvern skeleton (D:11)
  5 scorpions
  5 wights (D:7)
  4 killer bees (D:10)
  4 electric eels
  3 howler monkeys
  9 crimson imps
  A quasit (D:11)
  5 hounds
  2 jellies (D:9)
  2 centaur zombies
  41 orc priests
  5 bullfrog skeletons
  2 gnoll shamans
  17 orc wizards
  7 iguanas
  11 worker ants
  A howler monkey zombie (D:7)
  15 gnolls
  10 adders
  3 shadow imps
  An ooze (D:3)
  An adder zombie (D:3)
  An adder skeleton (D:9)
  3 worms
  3 dart slugs
  7 leopard geckos
  108 orcs
  7 giant cockroaches
  9 goblins
  11 hobgoblins
  7 jackals
  5 kobolds
  8 quokkas
  A ball python (D:1)
  A ball python zombie (D:6)
  13 bats
  7 frilled lizards
  A giant cockroach zombie (D:5)
  A quokka skeleton (D:7)
  8 rats
  2 butterflies
  4 fungi
694 creatures vanquished.

Vanquished Creatures (others)
  A two-headed ogre (Volcano)
  4 centaurs (Volcano)
  A gnoll (D:7)
  12 fungi
  38 plants
56 creatures vanquished.

Grand Total: 750 creatures vanquished

Notes
Turn   | Place    | Note
-------+----------+-------------------------------------------
     0 | D:1      | tilp the Tengu Air Elementalist began the quest for the
                  | Orb.
     0 | D:1      | Reached XP level 1. HP: 10/10 MP: 4/4
   147 | D:1      | Reached XP level 2. HP: 15/15 MP: 1/6
   151 | D:1      | Learned a level 2 spell: Swiftness
   457 | D:1      | Reached XP level 3. HP: 19/19 MP: 5/7
   462 | D:1      | Learned a level 3 spell: Static Discharge
  1191 | D:2      | Reached XP level 4. HP: 24/24 MP: 4/8
  1907 | D:3      | Reached skill level 5 in Conjurations
  1907 | D:3      | Reached skill level 5 in Air Magic
  2056 | D:3      | Noticed Sigmund
  2250 | D:3      | Gained mutation: You can fly continuously. [Tengu growth]
  2250 | D:3      | Reached XP level 5. HP: 25/28 MP: 4/9
  3239 | D:4      | Noticed Menkaure
  3246 | D:4      | Killed Menkaure
  3246 | D:4      | Reached XP level 6. HP: 21/32 MP: 6/12
  3729 | D:4      | Reached XP level 7. HP: 37/37 MP: 7/14
  4285 | D:5      | Entered Level 5 of the Dungeon
  4299 | D:5      | Reached skill level 1 in Fighting
  4415 | D:5      | Learned a level 4 spell: Airstrike
  4429 | D:5      | Reached skill level 2 in Fighting
  4696 | D:5      | Reached skill level 3 in Fighting
  5124 | D:5      | Reached XP level 8. HP: 46/46 MP: 12/15
  5238 | D:5      | Reached skill level 5 in Dodging
  5449 | D:6      | Reached skill level 4 in Fighting
  5867 | D:6      | Reached skill level 1 in Evocations
  5973 | D:6      | Found a white marble altar of Elyvilon.
  6035 | D:6      | Found a runed translucent door.
  6037 | D:6      | Noticed emiel's ghost (novice FoEE)
  6138 | D:6      | Found a runed translucent door.
  6168 | D:6      | Found a staircase to the Ecumenical Temple.
  6294 | Temple   | Entered the Ecumenical Temple
  6508 | D:7      | Found a shimmering blue altar of Sif Muna.
  6758 | D:7      | Found a shattered altar of Ashenzari.
  6758 | D:7      | Found a basalt altar of Yredelemnul.
  6783 | D:7      | Reached XP level 9. HP: 45/52 MP: 1/16
  6993 | D:7      | Noticed Harold
  6999 | D:7      | HP: 2/52 [Harold/+0 glaive (14)]
  7012 | D:7      | Killed Harold
  7069 | D:7      | Reached skill level 10 in Air Magic
  7202 | D:7      | Noticed Joseph
  7400 | D:7      | Found a sparkling altar of Nemelex Xobeh.
  7565 | D:7      | Found Zuam's Jewellery Emporium.
  7824 | D:7      | Learned a level 5 spell: Lightning Bolt
  7866 | D:7      | Noticed Prince Ribbit
  7870 | D:7      | Killed Prince Ribbit
  7870 | D:7      | Reached skill level 5 in Spellcasting
  7966 | D:7      | Killed Joseph
  7966 | D:7      | Reached XP level 10. HP: 56/56 MP: 1/19
  8487 | D:7      | Noticed Pikel
  8492 | D:7      | Killed Pikel
  8908 | D:3      | Killed Sigmund
  9016 | D:8      | Reached skill level 5 in Fighting
  9153 | D:8      | Noticed a two-headed ogre
  9480 | D:8      | Noticed Grum
  9578 | D:8      | Killed Grum
  9791 | D:8      | Reached skill level 6 in Fighting
 10055 | D:7      | Became a worshipper of Sif Muna the Loreminder
 10170 | D:8      | Found Zileot's Food Shop.
 10175 | D:8      | Found a snail-covered altar of Cheibriados.
 10176 | D:8      | Noticed a manticore
 10176 | D:8      | a two-headed ogre changed into a manticore
 10179 | D:8      | Killed a manticore
 10325 | D:8      | Found Elaloc's Antique Armour Shop.
 10497 | D:8      | Reached skill level 7 in Fighting
 10508 | D:8      | Found a sacrificial altar of Ru.
 10603 | D:8      | Bought a pair of crude gloves for 323 gold pieces
 10603 | D:8      | Identified the +2 pair of gloves "Cenic" {rF+ rC+ Int+4}
                  | (You bought it in a shop on level 8 of the Dungeon)
 10675 | D:9      | Reached XP level 11. HP: 66/66 MP: 16/21
 11123 | D:9      | Reached skill level 8 in Fighting
 11185 | D:9      | Reached * piety under Sif Muna
 11690 | D:9      | Reached skill level 1 in Invocations
 11690 | D:9      | Reached skill level 5 in Evocations
 12052 | D:10     | Entered Level 10 of the Dungeon
 12575 | D:10     | Found Teunnaef's Assorted Antiques.
 12758 | D:10     | Reached ** piety under Sif Muna
 12791 | D:10     | Noticed a two-headed ogre
 13309 | D:10     | Found a portal to a secret trove of treasure.
 13491 | D:10     | Found a staircase to the Lair.
 13516 | D:10     | Killed a two-headed ogre
 13516 | D:10     | Reached skill level 5 in Invocations
 14077 | D:6      | Killed emiel's ghost
 14487 | D:11     | Found Kirchogu's Jewellery Shop.
 14495 | D:11     | Bought an uncursed ring of poison resistance for 300 gold
                  | pieces
 14762 | D:11     | Found a shadowy altar of Dithmenos.
 14778 | D:11     | Noticed a two-headed ogre
 14785 | D:11     | Killed a two-headed ogre
 14785 | D:11     | Reached XP level 12. HP: 74/74 MP: 8/22
 14991 | D:11     | Found a runed translucent gate.
 14991 | D:11     | Found a runed translucent gate.
 14991 | D:11     | Found a runed translucent gate.
 14992 | D:11     | Noticed Gruesome's ghost (journeyman OpFi)
 15014 | D:11     | Noticed a two-headed ogre
 15025 | D:11     | Killed a two-headed ogre
 15025 | D:11     | Reached skill level 9 in Fighting
 15401 | D:11     | Reached *** piety under Sif Muna
 15767 | D:11     | Found a staircase to the Orcish Mines.
 16397 | Lair:1   | Entered Level 1 of the Lair of Beasts
 16405 | Lair:1   | Reached skill level 10 in Dodging
 16714 | Lair:1   | Noticed a six-headed hydra
 16718 | Lair:1   | Upgraded the game from 0.25-a0-424-g80bd347ae0 to
                  | 0.25-a0-426-g7d9e569eea
 16797 | Lair:1   | Noticed a five-headed hydra
 16810 | Lair:1   | Reached skill level 10 in Fighting
 17074 | Lair:1   | Killed a five-headed hydra
 17502 | Lair:1   | Reached **** piety under Sif Muna
 17670 | Lair:1   | Killed a six-headed hydra
 18232 | Lair:2   | Learned a level 1 spell: Summon Butterflies
 19539 | Lair:3   | Reached XP level 13. HP: 79/81 MP: 26/26
 20474 | Lair:4   | Found a hole to the Spider Nest.
 20639 | Lair:4   | Found a staircase to the Swamp.
 20919 | Lair:4   | Got a spiked chain mail
 22161 | Lair:4   | Identified the +6 chain mail of Modesty {rCorr Int+3} (You
                  | found it on level 4 of the Lair of Beasts)
 22301 | Lair:5   | Found a dark tunnel.
 22306 | Volcano  | Entered a volcano
 22856 | D:11     | Bought an uncursed amulet of faith for 600 gold pieces
 23061 | Lair:5   | Reached skill level 11 in Fighting
 23953 | Lair:6   | Entered Level 6 of the Lair of Beasts
 23967 | Lair:6   | Reached ***** piety under Sif Muna
 23967 | Lair:6   | Reached skill level 1 in Armour
 23979 | Lair:6   | Identified Sif Muna's Papyrus of Helpful Earth (Sif Muna
                  | gifted it to you on level 6 of the Lair of Beasts)
 23979 | Lair:6   | Received a gift from Sif Muna
 24108 | Lair:6   | Noticed Rupert
 24608 | Lair:5   | HP: 3/84 [elephant (8)]
 25047 | Lair:6   | Reached skill level 12 in Fighting
 25547 | Lair:6   | Reached XP level 14. HP: 91/91 MP: 20/27
 25609 | Lair:6   | HP: 3/91 [spiny frog (2)]
 25822 | Lair:6   | Paralysed by Rupert for 2 turns
 25839 | Lair:6   | Paralysed by Rupert for 7 turns
 25858 | Lair:6   | Killed Rupert
 27071 | Lair:6   | Reached skill level 5 in Armour
 27623 | Lair:6   | Found a viscous altar of Jiyva.
 27623 | Lair:6   | Found a staircase to the Slime Pits.
 27625 | Lair:6   | Got a tattered robe
 27815 | Lair:6   | Identified Sif Muna's Incunabulum of Conjuration and Fire
                  | (Sif Muna gifted it to you on level 6 of the Lair of
                  | Beasts)
 27815 | Lair:6   | Received a gift from Sif Muna
 28196 | Lair:6   | Reached skill level 13 in Fighting
 28621 | Lair:6   | Identified the cursed +1 robe "Sountie" {+Blink} (You found
                  | it on level 6 of the Lair of Beasts)
 29406 | Orc:1    | Entered Level 1 of the Orcish Mines
 29438 | Orc:1    | Reached skill level 1 in Shields
 29449 | Orc:1    | Found Gabb's Antique Weapon Shoppe.
 29612 | Orc:1    | Noticed an orc warlord
 29993 | Orc:1    | Killed an orc warlord
 30210 | Orc:2    | Entered Level 2 of the Orcish Mines
 30411 | Orc:2    | Found Moaduil's Food Shoppe.
 30440 | Orc:2    | Found Aossak's Alliterative Accessories.
 30602 | Orc:2    | Bought an uncursed staff of air for 400 gold pieces
 31350 | Orc:2    | Found Ziohaonn's Antique Armour Shoppe.
 31350 | Orc:2    | Found Cautwyw's Magic Scroll Boutique.
 31569 | Orc:2    | Reached skill level 14 in Fighting
 31721 | Orc:2    | Found a roughly hewn altar of Beogh.
 31731 | Orc:2    | Identified Sif Muna's Early Guide to Spellcraft (Sif Muna
                  | gifted it to you on level 2 of the Orcish Mines)
 31731 | Orc:2    | Received a gift from Sif Muna
 31748 | Orc:2    | Learned a level 3 spell: Ozocubu's Armour
 31753 | Orc:2    | Learned a level 4 spell: Hailstorm
 31760 | Orc:2    | Learned a level 6 spell: Freezing Cloud
 32088 | Orc:2    | Reached XP level 15. HP: 100/100 MP: 2/28
 32414 | Orc:2    | Found a staircase to the Elven Halls.
 32429 | Orc:2    | Found Lora's Assorted Antiques.
 32429 | Orc:2    | Found Ametsy's Antique Weapon Boutique.
 32700 | Orc:2    | Upgraded the game from 0.25-a0-426-g7d9e569eea to
                  | 0.25-a0-429-g4e4398398a
 32750 | Orc:2    | Bought a scroll of enchant armour for 112 gold pieces
 32750 | Orc:2    | Bought a scroll of identify for 30 gold pieces
 32750 | Orc:2    | Bought a scroll of identify for 30 gold pieces
 32764 | Orc:2    | Bought a colourful robe for 171 gold pieces
 32764 | Orc:2    | Identified the cursed +0 robe of Untold Secrets {Str+3
                  | Int+2 Dex+4} (You bought it in a shop on level 2 of the
                  | Orcish Mines)
 32806 | Orc:2    | Bought a scroll labeled KAINTYOPOT for 16 gold pieces
 32806 | Orc:2    | Bought a scroll labeled NEKHLUORITE for 16 gold pieces
 32900 | D:10     | Bought a viscous white potion for 26 gold pieces
 33369 | D:12     | Found a runed translucent door.
 34465 | D:13     | Found a gate to the Vaults.
 34586 | D:13     | Noticed Sonja
 34588 | D:13     | Killed Sonja
 34588 | D:13     | Reached skill level 15 in Fighting
 34880 | D:13     | Identified Sif Muna's Incunabulum of Shifting Intoxication
                  | (Sif Muna gifted it to you on level 13 of the Dungeon)
 34880 | D:13     | Received a gift from Sif Muna
 35307 | D:13     | Found Begehual's Armour Shop.
 35538 | D:13     | Reached skill level 1 in Ice Magic
 35653 | D:13     | Found a roughly hewn altar of Beogh.
 35839 | D:14     | Reached skill level 1 in Charms
 35860 | D:14     | Found a glowing golden altar of the Shining One.
 36567 | D:14     | Identified the +3 ring mail "Zeummor" {MP+9}
 36588 | D:14     | HP: 4/103 [skeletal warrior/+0 trident[a skeletal warrior]
                  | (9)]
 36589 | D:14     | Mangled by a skeletal warrior

Levels and vault maps discovered:
D:1:      lemuel_arrival_funnel, layout_rooms
D:2:      layout_basic, minmay_pentomino_pile
D:3:      layout_basic, uniq_sigmund
D:4:      layout_gridville, first_ration, kennysheep_pointless_box,
          uniq_menkaure
D:5:      layout_basic
D:6:      layout_cave_pools, elyvilon_altar_5, minmay_temple_entry_butterflies,
          ebering_ghost_sewer_f, minmay_misc_feat_rugged, chequers_arboretum
D:7:      layout_basic, nicolae_overflow_hidden_temple, nemelex_altar_shiori,
          serial_shops, shop, uniq_joseph, uniq_harold, uniq_pikel,
          uniq_prince_ribbit1
D:8:      layout_basic, nicolae_ru_the_path_less_chosen, cheibriados_altar_1,
          serial_shops, nicolae_shop_behind_doors, shop_fountains, uniq_grum
D:9:      minmay_bubble_buster, layout_irregular_city
D:10:     layout_basic, david_lair_shrubbed, nicolae_trove_entry_path_of_doom,
          serial_shops, nicolae_shop_statue_plus, grunt_pizzeria
D:11:     layout_grid_maze, hiddenorc2_lemuel, serial_shops, shop_statue,
          gammafunk_ghost_spectres, grunt_dithmenos_smoke_and_mirrors
D:12:     layout_basic, kennysheep_doodads, minmay_crystal_box
D:13:     layout_roguey, david_vaults_5, serial_shops, nicolae_shop_trees,
          david_defended_altar_orc, uniq_sonja
D:14:     layout_gridville, minivault_11, serial_shops, shop, minivault_25_ag,
          tso_metal_star
Temple:   minmay_freezing_vapour_temple
Lair:1:   layout_cave_pods, disabler_island, lemuel_fruit_tree,
          grunt_megastairs_5
Lair:2:   layout_loops_ring, infiniplex_staircase_pool
Lair:3:   layout_roguey, infiniplex_staircase_pool_2, grunt_megastairs_1,
          lemuel_fruit_fields, serial_bayou_shore_a
Lair:4:   layout_loops_ring, skrybe_swamp_entry_bodies,
          nicolae_spider_entry_orb_guardian, minmay_shattered_shrine,
          lemuel_fruit_fields, serial_bayou_shore_b
Lair:5:   layout_hall_layers, nicolae_volcano_entry_s_turn
Lair:6:   minmay_lair_end_frog_pond, layout_regular_city, slime_altar_1,
          uniq_rupert
Orc:1:    layout_diamond_mine, serial_shops, shop_statue
Orc:2:    st_orc_town, layout_caves, serial_shops, nicolae_shop_behind_doors,
          nicolae_alphabet_shops

Skill      XL: |  1  2  3  4  5  6  7  8  9 10 11 12 13 14 15 |
---------------+----------------------------------------------+-----
Conjurations   | 2 3 4 5 6 8 9 |  9.0
Air Magic      | 5 6 10 12 | 12.1
Spellcasting   | 3 4 5 6 8 |  8.1
Fighting       | 3 4 7 8 10 12 14 15 | 15.0
Dodging        | 4 6 8 9 10 12 | 12.0
Evocations     | 4 6 |  6.0
Stealth        | 4 |  4.1
Invocations    | 6 7 8 |  8.2
Armour         | 3 5 |  5.0
Shields        | 4 |  4.0
Ice Magic      | 2 |  2.4
Charms         | 2 |  2.1

Action                   |  1- 3 |  4- 6 |  7- 9 | 10-12 | 13-15 || total
-------------------------+-------+-------+-------+-------+-------++-------
Melee: Short sword       |       |     1 |     8 |       |       ||     9
       Kick              |       |       |    13 |    61 |   171 ||   245
       Trident           |       |       |    82 |    81 |       ||   163
       Peck              |       |       |     5 |    33 |   100 ||   138
       Scimitar          |       |       |       |   105 |   234 ||   339
       Staff             |       |       |       |       |   195 ||   195
Throw: Boomerang         |       |       |     3 |       |       ||     3
 Cast: Shock             |    61 |   123 |   150 |   319 |   203 ||   856
       Airstrike         |       |       |    19 |   103 |   230 ||   352
       Static Discharge  |       |       |    12 |    75 |   135 ||   222
       Lightning Bolt    |       |       |     3 |     9 |    13 ||    25
       Hailstorm         |       |       |       |       |     3 ||     3
       Ozocubu's Armour  |       |       |       |       |     1 ||     1
Invok: Channel Magic     |       |       |       |     1 |     8 ||     9
 Abil: Fly               |       |     1 |       |       |       ||     1
Evoke: Wand              |       |       |     4 |     1 |       ||     5
  Use: Scroll            |       |     4 |     6 |    14 |    14 ||    38
       Potion            |       |       |     6 |       |     2 ||     8
 Stab: Sleeping          |       |       |       |     3 |     2 ||     5
  Eat: Chunk             |     2 |    20 |    17 |    48 |    55 ||   142
       Ration            |       |       |       |       |     1 ||     1
Armor: Robe              |     1 |     3 |       |       |       ||     4
       Leather armour    |       |     1 |    21 |    42 |   117 ||   181
       Skin              |       |       |     1 |       |       ||     1
Dodge: Dodged            |     3 |    18 |    70 |   257 |   696 ||  1044
       Deflected         |       |       |     5 |     4 |       ||     9
Block: Buckler           |       |       |       |       |    35 ||    35
       Rpst.: Scimitar   |       |       |       |    49 |   136 ||   185

Table legend:
 A = Non-vault XP
 B = Vault XP
 C = Vault XP percentage of total XP
 D = Non-vault monster count
 E = Vault monster count
 F = Vault count percentage of total count
                 A         B        C        D         E       F
            +---------+---------+-------+---------+---------+-------
      Total |   68606 |   36401 |  34.7 |     500 |     189 |  27.4
            +---------+---------+-------+---------+---------+-------
        D:1 |      46 |       0 |   0.0 |      26 |       0 |   0.0
        D:2 |      75 |       7 |   8.5 |      24 |       3 |  11.1
        D:3 |     133 |     231 |  63.5 |      26 |       1 |   3.7
        D:4 |     247 |     172 |  41.1 |      15 |       1 |   6.2
        D:5 |     715 |       0 |   0.0 |      19 |       0 |   0.0
        D:6 |     770 |     866 |  52.9 |      16 |       5 |  23.8
        D:7 |    1701 |    2402 |  58.5 |      37 |       4 |   9.8
        D:8 |    2154 |     550 |  20.3 |      27 |       4 |  12.9
        D:9 |    1533 |     375 |  19.7 |      22 |      10 |  31.2
       D:10 |    3762 |     843 |  18.3 |      35 |       3 |   7.9
       D:11 |    5666 |     356 |   5.9 |      25 |      32 |  56.1
       D:12 |    4066 |       0 |   0.0 |      37 |       0 |   0.0
       D:13 |    3319 |    1931 |  36.8 |      13 |       6 |  31.6
       D:14 |    6995 |       0 |   0.0 |      20 |       0 |   0.0
     Lair:1 |    5758 |     402 |   6.5 |      22 |       4 |  15.4
     Lair:2 |    1562 |       0 |   0.0 |       8 |       0 |   0.0
     Lair:3 |    4171 |     265 |   6.0 |      15 |       2 |  11.8
     Lair:4 |    1322 |    3131 |  70.3 |       4 |       8 |  66.7
     Lair:5 |    8914 |    1302 |  12.7 |      40 |       5 |  11.1
     Lair:6 |    9037 |   13956 |  60.7 |      28 |      41 |  59.4
      Orc:1 |    3383 |       0 |   0.0 |      19 |       0 |   0.0
      Orc:2 |    3277 |    9612 |  74.6 |      22 |      60 |  73.2
            +---------+---------+-------+---------+---------+-------
